 Dungeon Crawl Stone Soup version 0.25-a0-2-g6559c6c67a (webtiles) character file.

Game seed: 4774066348529262519, levelgen mode: deterministic

30 Flugkiller the Scratcher (level 3, -6/17 HPs)
             Began as a Felid Chaos Knight on Oct 14, 2019.
             Was a Plaything of Xom.
             Killed by the capriciousness of Xom (21 damage)
             ... on level 1 of the Dungeon.
             The game lasted 00:02:38 (1847 turns).

Flugkiller the Scratcher (Felid Chaos Knight)       Turns: 1847, Time: 00:02:39

Health: -6/17      AC:  1    Str:  8    XL:     3   Next: 5%
Magic:  4/4        EV: 18    Int: 13    God:    Xom [...*..]
Gold:   35         SH:  0    Dex: 16    Spells: 2/2 levels left
                                        Lives:  0   Deaths: 0

rFire    . . .     SeeInvis +     - Unarmed
rCold    . . .     Gourm    .   (shield unavailable)
rNeg     . . .     Faith    .   (armour unavailable)
rPois    .         Spirit   .   (helmet unavailable)
rElec    .         Reflect  .   (cloak unavailable)
rCorr    .         Harm     .   (gloves unavailable)
MR       .....                  (boots unavailable)
Stlth    ++........             (no amulet)
HPRegen  0.05/turn              (no ring)
MPRegen  0.09/turn              (no ring)

@: quick
A: very small, no armour, no weapons or thrown items, stealth, claws 1, fangs 3,
see invisible, carnivore, speed 1, shaggy fur 1, slow metabolism 1, sharp paws
a: Renounce Religion


You were on level 1 of the Dungeon.
You worshipped Xom.
You were a BORING thing.
You were completely stuffed.

You visited 1 branch of the dungeon, and saw 2 of its levels.

You collected 35 gold pieces.

Inventory:

Scrolls
 b - 2 scrolls of remove curse
 e - a scroll of teleportation {unknown}
 f - a scroll of amnesia {unknown}
Potions
 c - a potion of curing {unknown}
 d - a potion of lignification {unknown}
Comestibles
 a - 4 rations


   Skills:
 - Level 3.0 Fighting
 - Level 3.2 Dodging
 + Level 4.2 Unarmed Combat


You had 2 spell levels left.
You didn't know any spells.
Your spell library was empty.

Dungeon Overview and Level Annotations

Branches:
Dungeon (2/15)

Altars:


Innate Abilities, Weirdness & Mutations

You cannot wear armour.
You are incapable of wielding weapons or throwing items.
Your paws allow you to move quietly. (Stealth)
You have sharp claws.
You have razor-sharp teeth.
You have supernaturally acute eyesight. (SInv)
You are carnivorous and can eat meat at any time.
You cover ground quickly.
You are covered in fur. (AC +1)
You have a slow metabolism.
Your sharp claws are effective at attacking unaware monsters.


Message History

A worm comes into view.
Some of the chunks of flesh in your inventory have rotted away.
A worm is nearby!
No target in view!
No target in view!
The worm bites you!
Ouch! That really hurt!
* * * LOW HITPOINT WARNING * * *
A shower of butterflies erupts from you!
You swap places.
There is a stone staircase leading up here.
You climb upwards.
There is a stone staircase leading down here.
Unknown command.
Unknown command.
You start resting.
Eating a chunk of flesh.
You eat the chunk of flesh.
This raw flesh tastes great.
HP restored.
You climb downwards.
There is a stone staircase leading up here.
Unknown command.
You scratch the worm but do no damage. The worm misses you.
You scratch the worm.
The worm is lightly wounded.
You scratch the worm but do no damage.
The worm is lightly wounded.
The worm closely misses you.
You scratch the worm. Your bite misses the worm.
The worm is moderately wounded.
You scratch the worm but do no damage.
The worm is moderately wounded.
The worm bites you!
Ouch! That really hurt!
* * * LOW HITPOINT WARNING * * *
There is a stone staircase leading up here.
You climb upwards.
There is a stone staircase leading down here.
Unknown command.
Unknown command.
You start resting.
Xom is getting BORED.
There is a stone staircase leading down here.
You start resting.
You are now a BORING thing.
You hear Xom's maniacal laughter.
You are caught in a fiery explosion!
The explosion engulfs you!!
Ouch! That really hurt!
You die...
Xom roars with laughter!

.###...#######..##.....#..#......
......## #..#............#...
####### #..#......#.........
#.........##.......#
#.......######...... ##.......#
#.###.# #...##..# ###.###.#
#...##).# #.....#.. #.@.....#
#.....### #..##...# #.....#
#.......# #.....# ##......#
#....)# ####.### ####### #......#
#.##.#.# ### #.##.#.##### #..
#.##.......## #.#


There were no monsters in sight!

Vanquished Creatures
  An adder (D:2)
  A giant cockroach (D:1)
  3 goblins (D:1)
  2 hobgoblins (D:1)
  5 kobolds (D:1)
  4 bats (D:1)
  4 frilled lizards (D:1)
  5 rats
25 creatures vanquished.

Notes
Turn   | Place    | Note
-------+----------+-------------------------------------------
     0 | D:1      | Flugkiller the Felid Chaos Knight began the quest for the
                  | Orb.
     0 | D:1      | Reached XP level 1. HP: 10/10 MP: 2/2
   303 | D:1      | XOM: smoke on damage
   443 | D:1      | Reached XP level 2. HP: 9/14 MP: 3/3
  1304 | D:1      | XOM: harmless Ice miscast
  1309 | D:2      | XOM: harmless Erth miscast
  1317 | D:1      | Reached skill level 4 in Unarmed Combat
  1344 | D:2      | XOM: butterfly on damage
  1432 | D:2      | XOM: divination: detect items
  1441 | D:1      | XOM is BORED!
  1477 | D:2      | Reached XP level 3. HP: 17/17 MP: 4/4
  1487 | D:2      | XOM: butterfly on damage
  1847 | D:1      | XOM is BORED!
  1847 | D:1      | XOM: medium Fire miscast
  1847 | D:1      | Killed by the capriciousness of Xom

Levels and vault maps discovered:
D:1:      minmay_arrival_stone_box, layout_loops_cross, minmay_tromino_mix6
D:2:      layout_basic, old_standard_altar, first_ration, serial_forest,
          infiniplex_forest_clump_medium, infiniplex_forest_lined_3,
          infiniplex_forest_end_1, infiniplex_forest_straight_4,
          infiniplex_forest_lined_room_2, infiniplex_forest_diagonal,
          infiniplex_forest_clump_small, infiniplex_forest_lined_room_3

Skill      XL: |  1  2 |
---------------+-------+-----
Unarmed Combat | 4 |  4.2
Fighting       | |  3.0
Dodging        | |  3.2

Action                   || total
-------------------------++-------
Melee: Unarmed           ||    85
       Bite              ||     5
       Punch             ||     1
  Use: Scroll            ||     1
 Stab: Sleeping          ||     3
  Eat: Chunk             ||     9
Armor: Skin              ||     4
Dodge: Dodged            ||    55

Table legend:
 A = Non-vault XP
 B = Vault XP
 C = Vault XP percentage of total XP
 D = Non-vault monster count
 E = Vault monster count
 F = Vault count percentage of total count
                 A         B        C        D         E       F
            +---------+---------+-------+---------+---------+-------
      Total |      39 |       5 |  11.4 |      22 |       3 |  12.0
            +---------+---------+-------+---------+---------+-------
        D:1 |      25 |       5 |  16.7 |      20 |       3 |  13.0
        D:2 |      14 |       0 |   0.0 |       2 |       0 |   0.0
            +---------+---------+-------+---------+---------+-------
